 Dungeon Crawl Stone Soup version 0.30-a0-462-gd5975efbca (webtiles) character file.

Game seed: 15446966861455218306

81 porpoise the Chopper (level 4, -2/61 HPs)
             Began as a Hill Orc Monk on Dec 17, 2022.
             Slain by a gnoll
             ... wielding a +5 whip
             ... led by a gnoll bouda
              (7 damage)
             ... on level 2 of the Dungeon.
             The game lasted 00:05:51 (1344 turns).

porpoise the Chopper (Hill Orc Monk)                Turns: 1344, Time: 00:05:52

Health: -2/61      AC:  8    Str: 15    XL:     4   Next: 42%
Magic:  4/4        EV:  6    Int: 10    God:
Gold:   64         SH:  0    Dex: 13    Spells: 3/3 levels left

rFire   . . .      SeeInvis .    a - +0 hand axe
rCold   + . .      Faith    .    (no shield)
rNeg    . . .      Spirit   .    l - +0 chain mail
rPois   .          Reflect  .    (no helmet)
rElec   .          Harm     .    (no cloak)
rCorr   .          Rampage  .    (no gloves)
Will    .....                    (no boots)
Stlth   ..........               (no amulet)
HPRegen 0.30/turn                e - ring of protection from cold
MPRegen 0.09/turn                (no ring)

@: berserking (expiring), very quick
A: no striking features
a: no special abilities


You were on level 2 of the Dungeon.
You visited 1 branch of the dungeon, and saw 2 of its levels.

You collected 64 gold pieces.

Inventory:

Hand Weapons
 a - a +0 hand axe (weapon)
 g - a +1 short sword of electrocution
 j - a +1 long sword of draining
Armour
 b - a +0 kite shield
 l - a +0 chain mail (worn)
Jewellery
 e - a ring of protection from cold (left hand)
Scrolls
 i - 2 scrolls of identify {unknown}
 k - a scroll of amnesia {unknown}
Potions
 c - a potion of ambrosia
 d - 2 potions of brilliance {unknown}
 m - a potion of berserk rage


   Skills:
 + Level 4.5 Fighting
 * Level 6.0 Axes
 - Level 2.4 Dodging
 - Level 1.5 Stealth


You had 3 spell levels left.
You didn't know any spells.
Your spell library contained the following spells:

 Spells                   Type           Power      Damage    Failure   Level
 Slow                     Hex            0%         N/A       100%        1
 Wereblood                Tmut           0%         N/A       100%        2
 Confusing Touch          Hex            0%         N/A       100%        3
 Frozen Ramparts          Ice            0%         1d1       100%        3
 Vampiric Draining        Necr           0%         2d6       100%        3
 Storm Form               Tmut/Air       0%         N/A       100%        7
 Necromutation            Tmut/Necr      0%         N/A       100%        8


Dungeon Overview and Level Annotations

Branches:
Dungeon (2/15)

Altars:
Nemelex Xobeh


Message History

The gnoll is no longer moving quickly.
The gnoll bouda hits you with a +0 whip!
You hit the gnoll bouda.
The gnoll bouda is lightly wounded.
The gnoll bouda hits you with a +0 whip.
It was a potion of magic.
Magic courses through your body. The gnoll bouda closely misses you.
It was a potion of berserk rage.
A red film seems to cover your vision as you go berserk!
You feel yourself moving faster!
You feel mighty!
The gnoll is no longer moving quickly.
The gnoll bouda hits you but does no damage.
You hit the gnoll bouda.
The gnoll bouda is moderately wounded.
The gnoll is no longer moving quickly.
The gnoll bouda completely misses you.
You hit the gnoll bouda.
The gnoll bouda is severely wounded.
The gnoll bouda hits you with a +0 whip.
You closely miss the gnoll bouda.
The gnoll bouda is severely wounded.
The gnoll bouda hits you with a +0 whip!
You slash the gnoll bouda!
You kill the gnoll bouda!
You have reached level 4!
The gnoll hits you with a +1 flail of protection!
* * * LOW HITPOINT WARNING * * *
Items here: ) ? [ †.
You barely miss the gnoll.
The gnoll hits you from afar with a +0 spear.
* * * LOW HITPOINT WARNING * * *
The gnoll hits you but does no damage.
You slash the gnoll!
The gnoll is severely wounded.
You slash the gnoll!
You kill the gnoll!
The gnoll hits you from afar with a +0 spear.
* * * LOW HITPOINT WARNING * * *
Your Axes skill increases to level 6!
You closely miss the gnoll. The gnoll hits you with a +5 whip!
You die...

.(. >............. ...
.........J<..w
##.#...............
##..#...............
#.#........[........
######..#.............##
.)....gg# .............
#######g# ...<......##
#@# .........# #># .#
#.# # #######.####
...........#
####.......#
###...._...#
...........#
###........#


You could see 3 gnolls.

Vanquished Creatures
  A gnoll bouda (D:2)
  A gnoll (D:2)
  8 endoplasms
  2 giant cockroaches (D:2)
  3 goblins (D:1)
  A hobgoblin (D:1)
  6 jackals (D:1)
  A quokka (D:1)
  4 ball pythons
  3 bats
  A frilled lizard (D:1)
  3 kobolds (D:1)
  5 rats
39 creatures vanquished.

Vanquished Creatures (others)
  A plant (D:1)
1 creature vanquished.

Grand Total: 40 creatures vanquished

Notes
Turn   | Place    | Note
-------+----------+-------------------------------------------
     0 | D:1      | porpoise the Hill Orc Monk began the quest for the Orb.
     0 | D:1      | Reached XP level 1. HP: 19/19 MP: 1/1
    49 | D:1      | Got Wajen's Spellbook of the Gelid Figure
   191 | D:1      | Reached XP level 2. HP: 23/27 MP: 2/2
   221 | D:1      | Found a faded altar of an unknown god.
   467 | D:1      | Reached skill level 5 in Axes
   474 | D:1      | Reached XP level 3. HP: 33/33 MP: 3/3
  1296 | D:2      | Found a sparkling altar of Nemelex Xobeh.
  1340 | D:2      | Reached XP level 4. HP: 19/41 MP: 4/4
  1344 | D:2      | Reached skill level 6 in Axes
  1344 | D:2      | Slain by a gnoll

Illustrated notes

Levels and vault maps discovered:
D:1:      onia_arrival_pyramid, layout_rooms,
          shapermc_ecumenical_altar_acropolis, minivault_5
D:2:      layout_loops_ring, basic_altar, st_stairs_10

Skill      XL: |  1  2  3  4 |
---------------+-------------+-----
Fighting       | 4 |  4.5
Axes           | 5 6 |  6.0
Dodging        | |  2.4
Stealth        | |  1.5

Action                   |  1- 3 |  4- 6 || total
-------------------------+-------+-------++-------
Melee: Hand axe          |   113 |     4 ||   117
       Long sword        |    26 |       ||    26
  Use: Potion            |     3 |       ||     3
Armor: Robe              |    12 |       ||    12
       Chain mail        |    32 |     1 ||    33
Dodge: Dodged            |    64 |       ||    64

Table legend: (Time is in decaauts)
 A = Elapsed time spent in this place.
 B = Non-inter-level travel time spent in this place.
 C = Inter-level travel time spent in this place.
 D = Time resting spent in this place.
 E = Time spent auto-exploring this place.
 F = Levels seen in this place.
 G = Mean time per level.
                   A        B        C        D        E       F      G
               +--------+--------+--------+--------+--------+-----+--------+
         Total |   1357 |   1245 |    112 |    464 |    422 |   2 |  678.5 |
       Dungeon |   1357 |   1245 |    112 |    464 |    422 |   2 |  678.5 |
               +--------+--------+--------+--------+--------+-----+--------+

Top non-repeatable levels by time:
     D:1: 1140 daAuts
     D:2: 217 daAuts
